 Dungeon Crawl Stone Soup version 0.22-a0-362-g535178c (webtiles) character file.

8060 Amnesiac the Reanimator (level 11, -1/84 HPs)
             Began as a Mummy Necromancer on Apr 20, 2018.
             Was a Believer of Sif Muna.
             Slain by a spiny frog (19 damage)
             ... on level 1 of the Lair of Beasts.
             The game lasted 00:20:29 (10706 turns).

Amnesiac the Reanimator (Mummy Necromancer)        Turns: 10706, Time: 00:20:30

Health: -1/84      AC: 13    Str: 12      XL:     11   Next: 4%
Magic:  0/23       EV: 14    Int: 17      God:    Sif Muna [**....]
Gold:   521        SH:  0    Dex: 11 (13) Spells: 13/27 levels left

rFire    . . .     SeeInvis .   v - +0 blowgun
rCold    . . .     Gourm    .   (no shield)
rNeg     + + +     Faith    .   i - +4 ring mail {rPois}
rPois    ∞         Spirit   .   h - +1 helmet
rElec    .         Reflect  .   u - +0 cloak
rCorr    .         Harm     .   p - +0 pair of gloves
MR       +....                  (no boots)
Stlth    +.........             (no amulet)
HPRegen  0.24/turn              o - ring of fire
MPRegen  0.18/turn              (no ring)

@: divine energy
A: no food or potions, fire vulnerability, cold resistance 1, negative energy
resistance 3, torment resistance, unbreathing
a: Stop Divine Energy, Renounce Religion


You were on level 1 of the Lair of Beasts.
You worshipped Sif Muna.
Sif Muna was pleased with you.
You were not hungry.

You visited 3 branches of the dungeon, and saw 12 of its levels.

You collected 521 gold pieces.

Inventory:

Hand Weapons
 a - a +2 dagger of venom
 b - a +0 morningstar of flaming
 c - a +1 falchion of flaming
 v - a +0 blowgun (weapon)
Missiles
 w - 2 curare-tipped needles (quivered)
Armour
 h - a +1 helmet (worn)
 i - a +4 ring mail of poison resistance (worn)
 l - a +3 ring mail of cold resistance
 p - a +0 pair of gloves (worn)
 u - a +0 cloak (worn)
Jewellery
 o - a ring of fire (left hand)
Wands
 k - a wand of polymorph (1)
 n - a wand of disintegration (3)
 s - a wand of iceblast (10)
Scrolls
 d - 4 scrolls of enchant armour {!r}
 e - 8 scrolls of identify {!r}
 f - 3 scrolls of noise {!r}
 g - 2 scrolls of blinking {!r}
 j - 2 scrolls of magic mapping {!r}
 m - 6 scrolls of immolation {!r}
 q - 6 scrolls of remove curse {!r}
 r - a scroll of amnesia {!r}
 t - 6 scrolls of teleportation {!r}


   Skills:
 - Level 7.0 Fighting
 - Level 9.0 Dodging
 - Level 1.5 Stealth
 + Level 8.9 Spellcasting
 * Level 9.2 Necromancy
 + Level 3.5 Invocations


You had 13 spell levels left.
You knew the following spells:

 Your Spells              Type           Power        Failure   Level  Hunger
a - Pain                  Necr           ####         1%          1    N/A
b - Borgnjor's Vile Clut  Necr/Erth      ###.......   65%         5    N/A
d - Vampiric Draining     Necr           #####.....   1%          3    N/A
e - Dispel Undead         Necr           #####...     14%         5    N/A

Dungeon Overview and Level Annotations

Branches:
Dungeon (10/15)            Temple (1/1) D:6            Lair (1/6) D:9
    Orc: D:9-12

Altars:
Ashenzari
Cheibriados
Dithmenos
Elyvilon
Fedhas
Gozag
Hepliaklqana
Kikubaaqudgha
Makhleb
Nemelex Xobeh
Okawaru
Qazlal
Ru
Sif Muna
Trog
Uskayaw
Vehumet
Wu Jian
Xom
Yredelemnul
Zin
The Shining One
Lugonu


Innate Abilities, Weirdness & Mutations

You do not eat or drink.
Your flesh is vulnerable to fire.
You are immune to poison.
Your flesh is cold resistant. (rC+)
You are immune to negative energy. (rN+++)
You are immune to unholy pain and torment.
You can survive without breathing.


Message History

You regain access to your magic.
The spiny frog stings you but does no damage.
Casting: Vampiric Draining (safe; 1% risk of failure)
Confirm with . or Enter, or press ? or * to list all spells.
Aiming: Vampiric Draining (safe; 1% risk of failure)
Press: ? - help, Shift-Dir - straight line, f/p - spiny frog
Aim: a spiny frog The spiny frog is lightly wounded.
You feel life coursing into your body. Sif Muna grants you divine energy.
You briefly lose access to your magic!
The spiny frog stings you but does no damage.
You are unable to access your magic!
You are unable to access your magic!
You regain access to your magic.
Casting: Vampiric Draining (safe; 1% risk of failure)
Confirm with . or Enter, or press ? or * to list all spells.
Aiming: Vampiric Draining (safe; 1% risk of failure)
Press: ? - help, Shift-Dir - straight line, f/p - spiny frog
Aim: a spiny frog (lightly wounded)
The spiny frog is heavily wounded.
You feel life coursing into your body. Sif Muna grants you divine energy.
You briefly lose access to your magic!
The spiny frog completely misses you.
The spiny frog stings you but does no damage.
You are unable to access your magic!
You are unable to access your magic!
You regain access to your magic.
Casting: Vampiric Draining (safe; 1% risk of failure)
Confirm with . or Enter, or press ? or * to list all spells.
Aiming: Vampiric Draining (safe; 1% risk of failure)
Press: ? - help, Shift-Dir - straight line, f/p - spiny frog
Aim: a spiny frog (moderately wounded)
The spiny frog is heavily wounded.
You feel life coursing into your body. Sif Muna grants you divine energy.
You briefly lose access to your magic!
The spiny frog completely misses you. The spiny frog stings you!
You are unable to access your magic!
You are unable to access your magic!
You are unable to access your magic!
You are unable to access your magic!
You hear the faint crackling of a melting archway nearby.
You regain access to your magic.
The spiny frog stings you!
* * * LOW HITPOINT WARNING * * *
Casting: Vampiric Draining (safe; 1% risk of failure)
Confirm with . or Enter, or press ? or * to list all spells.
Aiming: Vampiric Draining (safe; 1% risk of failure)
Press: ? - help, Shift-Dir - straight line, f/p - spiny frog
Aim: a spiny frog (heavily wounded)
The spiny frog is almost dead.
You feel life coursing into your body. Sif Muna grants you divine energy.
You briefly lose access to your magic!
The spiny frog stings you!
* * * LOW HITPOINT WARNING * * *
You are unable to access your magic!
The spiny frog stings you!
* * * LOW HITPOINT WARNING * * *
Evoke which item? (* to show all) (? for menu, Esc to quit)
Okay, then.
You regain access to your magic.
The spiny frog stings you!!
You die...

#..... .....# .
.....# .. #....#
... #....# .....
#....#
##...#####....#
..........F...#
........###@..##
.......#..#....#
P##....#..†...##
..........#††.#
..#.......#...#
. #....#..#.<.#
#.......#[..#
.#.......#...##
........##....#


You could see a spiny frog.

Vanquished Creatures
  A hydra (D:8)
  2 two-headed ogres
  Maurice (D:8)
  A spiny frog (Lair:1)
  A centaur zombie (D:8)
  A hornet (D:9)
  2 hippogriffs
  2 dream sheep (D:8)
  2 yaks (D:8)
  2 hungry ghosts (D:9)
  2 two-headed ogre zombies (D:8)
  4 water moccasins
  Duvessa (D:4)
  3 ice beasts
  A sky beast (D:7)
  An orc warrior (D:7)
  A phantom (D:8)
  6 centaurs
  A manticore skeleton (D:8)
  A crocodile (Lair:1)
  4 big kobolds
  4 bullfrogs
  A wyvern zombie (D:10)
  A hippogriff skeleton (D:9)
  Dowan (D:4)
  3 scorpions
  A water moccasin skeleton (D:6)
  5 killer bees
  A yak skeleton (D:8)
  A howler monkey (D:4)
  2 bullfrog zombies (D:8)
  8 crimson imps
  A hound (D:6)
  2 jellies
  3 orc priests
  3 bullfrog skeletons
  2 centaur skeletons
  Ijyb (D:5)
  7 worker ants
  An iguana (D:9)
  4 orc wizards
  A big kobold zombie (D:9)
  An ogre skeleton (D:8)
  A hound zombie (D:7)
  2 hound skeletons
  2 worker ant zombies
  15 adders
  A howler monkey skeleton (D:9)
  4 shadow imps
  An ooze (D:2)
  3 adder skeletons (D:9)
  2 worms
  2 dart slugs (D:1)
  5 leopard geckos
  28 orcs
  2 ball pythons (D:1)
  10 bats
  5 giant cockroaches
  4 goblins
  8 hobgoblins
  11 jackals
  13 kobolds
  A quokka (D:2)
  5 frilled lizards
  2 kobold zombies (D:9)
  2 leopard gecko zombies
  2 orc skeletons (D:10)
  An orc zombie (D:10)
  8 rats
  A rat skeleton (D:8)
  A spectral orc (D:6)
236 creatures vanquished.

Vanquished Creatures (others)
  A bush (D:9)
1 creature vanquished.

Grand Total: 237 creatures vanquished

Notes
Turn   | Place    | Note
-------+----------+-------------------------------------------
     0 | D:1      | Amnesiac the Mummy Necromancer began the quest for the Orb.
     0 | D:1      | Reached XP level 1. HP: 13/13 MP: 4/4
   125 | D:1      | Reached XP level 2. HP: 19/20 MP: 1/5
   387 | D:3      | Reached skill level 1 in Fighting
   516 | D:4      | Found a sacrificial altar of Ru.
   531 | D:3      | Reached XP level 3. HP: 26/26 MP: 3/7
   536 | D:3      | Learned a level 3 spell: Vampiric Draining
   576 | D:4      | Noticed Dowan
   645 | D:5      | Entered Level 5 of the Dungeon
   645 | D:5      | Noticed a scorpion
   648 | D:5      | Reached XP level 4. HP: 32/32 MP: 4/8
   682 | D:5      | Noticed a centaur
   700 | D:5      | Reached XP level 5. HP: 7/38 MP: 9/9
   970 | D:5      | Killed a centaur
  1042 | D:5      | Reached XP level 6. HP: 34/46 MP: 10/10
  1157 | D:4      | Reached skill level 5 in Necromancy
  1182 | D:4      | Noticed Duvessa
  1202 | D:4      | Killed Duvessa
  1207 | D:4      | Killed Dowan
  1553 | D:4      | Found an iron altar of Okawaru.
  1734 | D:5      | Noticed a water moccasin
  1738 | D:5      | Reached XP level 7. HP: 52/52 MP: 11/11
  1780 | D:6      | Found a deep blue altar of Sif Muna.
  1866 | D:5      | Noticed Ijyb
  1919 | D:5      | Killed Ijyb
  1919 | D:5      | Reached skill level 5 in Dodging
  2533 | D:6      | Found a staircase to the Ecumenical Temple.
  2558 | Temple   | Entered the Ecumenical Temple
  2572 | Temple   | Became a worshipper of Kikubaaqudgha
  2642 | D:6      | Reached XP level 8. HP: 45/61 MP: 12/12
  3219 | D:2      | Found a white marble altar of Elyvilon.
  3291 | D:2      | Reached * piety under Kikubaaqudgha
  3291 | D:2      | Identified Kikubaaqudgha's Compendium of Evil Arts (Kikubaaqudgha gifted it to you on level 2 of the Dungeon)
  3291 | D:2      | Received a gift from Kikubaaqudgha
  4424 | D:3      | Reached ** piety under Kikubaaqudgha
  4663 | D:6      | Reached skill level 5 in Fighting
  4701 | D:6      | Found a basalt altar of Yredelemnul.
  5020 | D:6      | Found a bloodstained altar of Trog.
  5257 | D:7      | Reached XP level 9. HP: 50/69 MP: 11/13
  6125 | D:7      | Reached *** piety under Kikubaaqudgha
  6125 | D:7      | Identified Kikubaaqudgha's Catalogue of Evil (Kikubaaqudgha gifted it to you on level 7 of the Dungeon)
  6125 | D:7      | Received a gift from Kikubaaqudgha
  6127 | D:7      | Fell from the grace of Kikubaaqudgha
  6134 | D:7      | Learned a level 5 spell: Borgnjor's Vile Clutch
  6140 | D:7      | Learned a level 5 spell: Dispel Undead
  6172 | D:6      | Became a worshipper of Sif Muna the Loreminder
  6339 | D:8      | Found a shattered altar of Ashenzari.
  6500 | D:8      | Noticed a balrug
  6501 | D:8      | Found a burning altar of Makhleb.
  6504 | D:8      | Found a glowing silver altar of Zin.
  6504 | D:8      | Noticed an angel
  6553 | D:8      | Found a stormy altar of Qazlal.
  7038 | D:8      | Reached * piety under Sif Muna
  7038 | D:8      | Reached skill level 5 in Spellcasting
  7052 | D:8      | Reached XP level 10. HP: 35/79 MP: 9/18
  7179 | D:8      | Noticed a three-headed hydra
  7187 | D:8      | Killed a one-headed hydra
  7497 | D:9      | Found a staircase to the Lair.
  7614 | D:9      | Noticed Maurice
  7626 | D:9      | Reached skill level 1 in Invocations
  7865 | D:9      | Noticed a two-headed ogre
  7875 | D:9      | Found a sparkling altar of Nemelex Xobeh.
  7878 | D:9      | Found a radiant altar of Vehumet.
  7881 | D:9      | Found a hide-covered altar of Uskayaw.
  7913 | D:8      | Killed a two-headed ogre
  7913 | D:8      | Reached ** piety under Sif Muna
  8174 | D:8      | Paralysed by something for 7 turns
  8356 | D:8      | Paralysed by something for 6 turns
  8444 | D:8      | Found a stormy altar of Qazlal.
  8499 | D:8      | Found a shattered altar of Ashenzari.
  8518 | D:8      | Paralysed by Maurice for 6 turns
  8717 | D:8      | Killed Maurice
  8821 | D:8      | Found a burning altar of Makhleb.
  8824 | D:8      | Found a glowing silver altar of Zin.
  9381 | D:9      | Found a hazy altar of Hepliaklqana.
  9470 | D:9      | Noticed a soul eater
  9564 | D:9      | Found a snail-covered altar of Cheibriados.
  9648 | D:10     | Entered Level 10 of the Dungeon
 10190 | D:10     | Noticed a two-headed ogre
 10200 | D:10     | Killed a two-headed ogre
 10650 | Lair:1   | Entered Level 1 of the Lair of Beasts
 10666 | Lair:1   | Reached XP level 11. HP: 60/84 MP: 9/23
 10706 | Lair:1   | Slain by a spiny frog

Vault maps used:
D:1:      lemuel_arrival_room
D:2:      elyvilon_altar_4
D:3:      first_ration, minmay_joined_circles
D:4:      lemuel_doored_altar, nicolae_overflow_crystal_walls, uniq_duvessa
D:5:      uniq_ijyb
D:6:      lemuel_crystal_altar, yredelemnul_forgotten_temple_becter,
          minmay_temple_entry_butterflies, st_stairs_1, trog_book
D:8:      grunt_temple_overflow_order_and_chaos_2,
          nicolae_qazlal_general_emergency, hangedman_ranch,
          nicolae_ashenzari_panopticon
D:9:      lemuel_coloured_pillars_altar, kennysheep_mini_moat,
          gammafunk_temple_overflow_forgotten, lair_entry_dummy, st_stairs_14,
          uniq_maurice
D:10:     erik_orc_3, abandoned_shop
Temple:   corrupted_temple
Lair:1:   basic_altar, portal_ice_cave_demonic_guard,
          nicolae_quartered_pool_super

Skill      XL: |  1  2  3  4  5  6  7  8  9 10 |
---------------+-------------------------------+-----
Dodging        | 2 3 4 5 7 9 |  9.0
Spellcasting   | 3 5 8 |  8.9
Fighting       | 1 2 3 4 6 7 |  7.0
Necromancy     | 5 6 7 9 |  9.2
Invocations    | 3 |  3.5
Stealth        | |  1.5

Action                   |  1- 3 |  4- 6 |  7- 9 | 10-12 || total
-------------------------+-------+-------+-------+-------++-------
Melee: Unarmed           |     4 |       |       |       ||     4
       Dagger            |     3 |    69 |  1041 |   327 ||  1440
       Falchion          |       |       |       |    70 ||    70
 Cast: Pain              |    39 |     2 |     3 |    42 ||    86
       Vampiric Draining |       |     4 |    43 |    36 ||    83
       Dispel Undead     |       |       |       |    30 ||    30
Invok: Divine Energy     |       |       |     1 |       ||     1
       Renounce Religion |       |       |     1 |       ||     1
Evoke: Wand              |       |       |    10 |       ||    10
  Use: Scroll            |       |       |     7 |     1 ||     8
 Stab: Sleeping          |       |     1 |     1 |       ||     2
       Distracted        |       |     1 |       |       ||     1
Armor: Robe              |     5 |     2 |       |       ||     7
       Ring mail         |       |     5 |   438 |   175 ||   618
Dodge: Dodged            |    18 |    40 |   787 |   321 ||  1166
       Rpst.: Falchion   |       |       |       |    21 ||    21

Table legend:
 A = Spawn XP
 B = Non-spawn XP
 C = Spawn XP percentage of total XP
 D = Spawn monster count
 E = Non-spawn monster count
 F = Spawn count percentage of total count
 G = Total turns spent on level
                    A         B        C        D         E        F      G
               +---------+---------+-------+---------+---------+-------+---------
         Total |       0 |   11515 |   0.0 |       0 |     217 |   0.0 | 10706
               +---------+---------+-------+---------+---------+-------+---------
           D:1 |       0 |      47 |   0.0 |       0 |      27 |   0.0 |   828
           D:2 |       0 |     162 |   0.0 |       0 |      26 |   0.0 |   691
           D:3 |       0 |     105 |   0.0 |       0 |      24 |   0.0 |   760
           D:4 |       0 |     443 |   0.0 |       0 |       9 |   0.0 |   825
           D:5 |       0 |     687 |   0.0 |       0 |      22 |   0.0 |  1156
           D:6 |       0 |    1020 |   0.0 |       0 |      18 |   0.0 |   881
           D:7 |       0 |    1612 |   0.0 |       0 |      26 |   0.0 |  1147
           D:8 |       0 |    4185 |   0.0 |       0 |      23 |   0.0 |  2334
           D:9 |       0 |    1387 |   0.0 |       0 |      30 |   0.0 |  1294
          D:10 |       0 |    1172 |   0.0 |       0 |       9 |   0.0 |   705
        Lair:1 |       0 |     695 |   0.0 |       0 |       3 |   0.0 |    56
               +---------+---------+-------+---------+---------+-------+---------
